 Dungeon Crawl Stone Soup version 0.30-b1-2-g02819fbbbe (webtiles) character file.

Game seed: 18387110058278935227

13477 Shirokaze the Protected (level 11, -2/100 HPs)
             Began as an Armataur Fighter on May 30, 2023.
             Was a Priest of Ashenzari.
             Slain by Snorg (6 damage)
             ... on level 11 of the Dungeon.
             The game lasted 00:38:15 (11305 turns).

Shirokaze the Protected (Armataur Fighter)         Turns: 11305, Time: 00:38:16

Health: -2/100     AC: 20    Str: 25 (26) XL:     11   Next: 76%
Magic:  11/11      EV:  6    Int:  8 (9)  God:    Ashenzari [***...]
Gold:   569        SH:  5    Dex:  6 (7)  Spells: 10/10 levels left

rFire   . . .        a - +7 war axe
rCold   . . .        c - +0 buckler of Supernal Wisdom {Bglg, Elem} (curse)
rNeg    + . .        l - +0 plate armour
rPois   .            i - +1 helmet "Cursed Portent" {Fort, Elem} (curse)
rElec   .            q - +0 cloak of the Lashed Moon {Melee, Evo} (curse)
rCorr   .            u - +0 pair of gloves of Supernal Knowledge {Melee, Alch} (curse)
SInv    +            (no barding)
Will    .....        y - amulet "Oracular Visionary" {Regen+, Self, Bglg} (curse) Stlth
                     g - ring of positive energy
HPRegen 1.16/turn    (no ring)
MPRegen 0.12/turn

%: clarity, roll
@: no status effects
A: large, rugged brown scales 3, deformed body, armoured tail, roll, long
tongue, awkward tongue, stinger 1, talons 1, clumsy 1, deterioration 2,
evolution 1
a: Renounce Religion, Shatter the Chains


You were on level 11 of the Dungeon.
You worshipped Ashenzari.
Ashenzari was most pleased with you.
You visited 2 branches of the dungeon, and saw 12 of its levels.

You collected 569 gold pieces.

Inventory:

Hand Weapons
 a - a +7 war axe (weapon)
Armour
 c - the cursed +0 buckler of Supernal Wisdom (worn) {Bglg, Elem}

   It has a curse which improves the following skills: Beguiling: Conjurations,
   Hexes and Translocations.
   Elements:  Fire Magic, Ice Magic, Air Magic and Earth Magic.
 i - the cursed +1 helmet "Cursed Portent" (worn) {Fort, Elem}
   (You found it on level 1 of the Dungeon)

   It has a curse which improves the following skills: Fortitude: Armour and
   Shields.
   Elements:  Fire Magic, Ice Magic, Air Magic and Earth Magic.
 l - a +0 plate armour (worn)
 q - the cursed +0 cloak of the Lashed Moon (worn) {Melee, Evo}
   (You found it on level 2 of the Dungeon)

   It has a curse which improves the following skills: Melee Combat: Short
   Blades, Long Blades, Axes, Maces & Flails, Polearms, Staves and Unarmed
   Combat.
   Evocations: Evocations.
 u - the cursed +0 pair of gloves of Supernal Knowledge (worn) {Melee, Alch}
   (You found it on level 10 of the Dungeon)

   It has a curse which improves the following skills: Melee Combat: Short
   Blades, Long Blades, Axes, Maces & Flails, Polearms, Staves and Unarmed
   Combat.
   Alchemy:   Poison Magic and Transmutations.
Jewellery
 g - a ring of positive energy (left hand)
 y - the cursed amulet "Oracular Visionary" (around neck) {Regen+, Self, Bglg}
   (You found it on level 11 of the Dungeon)

   [amulet of regeneration]

   Regen:     It increases your rate of health regeneration.
   It has a curse which improves the following skills: Introspection: Fighting
   and Spellcasting.
   Beguiling: Conjurations, Hexes and Translocations.
Wands
 h - a wand of flame (29)
 k - a wand of mindburst (5)
 s - a wand of digging (6)
 t - a wand of iceblast (17)
 v - a wand of light (15)
 E - a wand of polymorph (23)
Scrolls
 b - a scroll of amnesia
 j - 2 scrolls of blinking
 m - 5 scrolls of teleportation
 o - a scroll of butterflies
 x - 2 scrolls of poison
 A - 2 scrolls of magic mapping
 C - 4 scrolls of fog
Potions
 d - 2 potions of might
 e - a potion of ambrosia
 f - 2 potions of curing
 n - 3 potions of haste
 p - a potion of resistance
 r - 2 potions of magic
 w - 2 potions of invisibility
 z - a potion of brilliance


   Skills:
 + Level 6.6(8.2) Fighting
 + Level 11.0(13.2) Axes
 + Level 13.0(14.4) Armour
 + Level 1.8 Dodging
 + Level 2.2 Stealth
 + Level 7.2(8.7) Shields


You had 10 spell levels left.
You didn't know any spells.
Your spell library contained the following spells:

 Spells                   Type           Power      Damage    Failure   Level
 Beastly Appendage        Tmut           0%         N/A       98%         1
 Freeze                   Ice            0%         1d3       98%         1
 Magic Dart               Conj           0%         1d3       98%         1
 Slow                     Hex            0%         N/A       98%         1
 Call Imp                 Summ           0%         N/A       99%         2
 Ensorcelled Hibernation  Hex/Ice        0%         N/A       99%         2
 Wereblood                Tmut           0%         N/A       99%         2
 Confusing Touch          Hex            0%         N/A       100%        3
 Frozen Ramparts          Ice            0%         1d1       100%        3
 Hailstorm                Conj/Ice       0%         3d3       100%        3
 Mephitic Cloud           Conj/Pois/Air  0%         N/A       100%        3
 Spider Form              Tmut/Pois      0%         N/A       100%        3
 Vampiric Draining        Necr           0%         2d6       100%        3
 Volatile Blastmotes      Fire/Tloc      0%         2d10      100%        3
 Anguish                  Hex/Necr       0%         N/A       100%        4
 Fulminant Prism          Conj/Hex       0%         3d5       100%        4
 Iskenderun's Mystic Bla  Conj/Tloc      0%         2d3       100%        4
 Lee's Rapid Deconstruct  Erth           0%         3d4*      100%        5


Dungeon Overview and Level Annotations

Branches:
Dungeon (11/15)            Temple (1/1) D:6            Lair (0/5) D:9
    Orc: D:9-12

Altars:
Ashenzari
Cheibriados
Dithmenos
Elyvilon
Fedhas
Gozag
Hepliaklqana
Kikubaaqudgha
Makhleb
Nemelex Xobeh
Okawaru
Ru
Trog
Uskayaw
Vehumet
Wu Jian
Xom
Yredelemnul
The Shining One

Shops:
D:3 :   D:8 :

Annotations:
D:11 exclusion: ice statue, Snorg


Innate Abilities, Weirdness & Mutations

You are completely covered in rugged brown scales. (AC +3, +7% HP)
Armour fits poorly on your strangely shaped body.
You have a long armoured tail.
You roll when moving toward enemies. (Rampage)
Your long tongue fully drains potion bottles. (2x potion effects)
Your tongue gives you trouble enunciating. (1.5x scroll delay)
Your tail ends in a venomous barb.
You have sharp toenails.
You are clumsy. (Dex -2)
Your body often deteriorates upon taking damage.
You have hidden genetic potential.


Message History

Found a stone staircase leading up.
Snorg the Insatiable comes into view.
Snorg shouts!
You roll towards Snorg!
You slice Snorg!! Your kick misses Snorg.
Snorg is lightly wounded.
Snorg bites you! Snorg claws you but does no damage. x2
You slice Snorg!! You claw Snorg.
Snorg is heavily wounded.
Snorg goes berserk!
You slice Snorg!! Your kick misses Snorg.
Snorg is heavily wounded.
You block Snorg's attack. Snorg claws you!
Your body deteriorates!
You feel weakened. Snorg barely misses you.
You completely miss Snorg.
Snorg is heavily wounded.
Snorg bites you! You block Snorg's attack. Snorg claws you! Snorg bites you!!
Your body deteriorates!
You feel dopey. Snorg claws you!
* * * LOW HITPOINT WARNING * * *
Snorg claws you but does no damage.
You barely miss Snorg. You claw Snorg, but do no damage.
Snorg is heavily wounded.
Snorg bites you!
* * * LOW HITPOINT WARNING * * *
Snorg claws you but does no damage. Snorg claws you.
* * * LOW HITPOINT WARNING * * *
You barely miss Snorg.
Snorg is heavily wounded.
Snorg barely misses you. Snorg claws you but does no damage.
You block Snorg's attack.
You feel better.
You slurp down every last drop of the potion of curing!
Snorg bites you!
* * * LOW HITPOINT WARNING * * *
Snorg claws you but does no damage. Snorg claws you.
* * * LOW HITPOINT WARNING * * *
Snorg bites you but does no damage. Snorg completely misses you.
Snorg claws you.
You die...

###.# #...#####.#######.#.##
....# #<#........# #......####
##### #...#####.## #.##......# #
##.#......# #.##.#.##.# #
#.#.####.# #.##....#.# #######
##.#.####.# #.##.#..#.#
......###......##.#####.##.#..#.#
#####.#........#.....##.........#
......#.#.}#....@T)..########.###
.......>...##........# #......#
......#....##.##.....# #.####.##
#####.#..####.##.....# #>###...#
......#.......######## #.##....#
########.###### #.##....# #
#.####### #.##.#.## # #.#.....##
#......# # #........# ####.###


You could see Snorg (berserk).

Vanquished Creatures
  Josephine (D:11)
  Erolcha (D:9)
  A boulder beetle (D:11)
  Erica (D:11)
  2 two-headed ogres
  A cyclops (D:11)
  A troll (D:11)
  A vampire (D:6)
  Sigmund (D:2)
  14 yaks
  A shadow (D:11)
  A wyvern (D:9)
  5 wraiths
  4 steam dragons
  6 vampire mosquitoes
  2 water moccasins
  3 orc warriors
  2 ice beasts (D:6)
  5 black bears
  A sky beast (D:8)
  2 ogres
  8 centaurs
  A phantom (D:7)
  2 bullfrogs
  2 kobold brigands
  A gnoll sergeant (D:9)
  3 scorpions
  8 wights
  11 killer bees (D:10)
  3 howler monkeys (D:10)
  6 orc priests
  4 hounds
  A gnoll bouda (D:9)
  6 iguanas
  A sleepcap (D:6)
  11 orc wizards
  6 gnolls (D:9)
  7 adders
  2 shadow imps
  A white imp (D:6)
  3 ufetubi
  A worm (D:2)
  A dart slug (D:5)
  54 orcs
  5 endoplasms
  2 giant cockroaches (D:2)
  3 hobgoblins
  3 jackals (D:2)
  13 kobolds
  3 quokkas
  9 ball pythons
  6 bats
  4 frilled lizards
  5 goblins
  8 rats
  A bush (D:3)
261 creatures vanquished.

Vanquished Creatures (others)
  9 plants (D:3)
9 creatures vanquished.

Grand Total: 270 creatures vanquished

Notes
Turn   | Place    | Note
-------+----------+-------------------------------------------
     0 | D:1      | Shirokaze the Armataur Fighter began the quest for the Orb.
     0 | D:1      | Reached XP level 1. HP: 19/19 MP: 1/1
   248 | D:1      | Reached XP level 2. HP: 26/26 MP: 2/2
   408 | D:1      | Reached skill level 4 in Armour
   708 | D:1      | You fall into a shaft and drop 1 floor!
   872 | D:2      | Noticed Sigmund
  1022 | D:2      | Reached XP level 3. HP: 32/32 MP: 3/3
  1341 | D:2      | Killed Sigmund
  1342 | D:2      | Reached XP level 4. HP: 40/40 MP: 4/4
  1342 | D:2      | Reached XP level 5. HP: 48/48 MP: 5/5
  1543 | D:2      | Reached XP level 6. HP: 28/54 MP: 6/6
  1686 | D:3      | Found Apuewkytel's Book Emporium.
  1825 | D:3      | Reached skill level 5 in Armour
  2387 | D:3      | Found a faded altar of an unknown god.
  3730 | D:5      | Entered Level 5 of the Dungeon
  3747 | D:5      | Reached XP level 7. HP: 55/60 MP: 7/7
  4059 | D:5      | Reached skill level 5 in Axes
  4059 | D:5      | Reached skill level 6 in Armour
  4640 | D:6      | Reached XP level 8. HP: 40/70 MP: 8/8
  4818 | D:6      | Reached skill level 7 in Armour
  5061 | D:6      | Reached skill level 5 in Shields
  5314 | D:6      | Found a staircase to the Ecumenical Temple.
  5324 | Temple   | Entered the Ecumenical Temple
  5361 | Temple   | Became a worshipper of Ashenzari the Shackled
  5436 | D:6      | Reached skill level 8 in Armour
  5436 | D:6      | Reached XP level 9. HP: 56/77 MP: 9/9
  5540 | D:6      | Reached skill level 1 in Stealth
  6440 | D:7      | Found a runed translucent door.
  6704 | D:7      | Reached skill level 9 in Armour
  6710 | D:7      | Reached skill level 5 in Fighting
  6979 | D:7      | Found an ancient bone altar of Kikubaaqudgha.
  6980 | D:7      | Found a snail-covered altar of Cheibriados.
  6984 | D:7      | Found an ornate altar of the Wu Jian Council.
  6985 | D:7      | Found a burning altar of Makhleb.
  7319 | D:8      | Reached skill level 10 in Armour
  7555 | D:8      | Noticed a cyclops
  7649 | D:8      | Reached * piety under Ashenzari
  7653 | D:8      | Gained mutation: You have a pair of small antennae on your
                  | head. [potion of mutation]
  7653 | D:8      | Gained mutation: You have sharp toenails. [potion of
                  | mutation]
  7653 | D:8      | Gained mutation: Your spells are a little harder to cast,
                  | but a little more powerful. [potion of mutation]
  7770 | D:8      | Noticed a two-headed ogre
  7779 | D:8      | Killed a two-headed ogre
  7780 | D:8      | Reached XP level 10. HP: 29/86 MP: 10/10
  7987 | D:8      | Found Ikhuah's Book Shop.
  8083 | D:8      | Reached skill level 1 in Dodging
  8178 | D:8      | Noticed a catoblepas
  8179 | D:8      | Identified the Incunable of Hurtful Grit
  8297 | D:8      | Reached skill level 11 in Armour
  8631 | D:9      | Noticed Erolcha
  8646 | D:9      | Found a staircase to the Lair.
  8678 | D:9      | Found a shadowy altar of Dithmenos.
  8704 | D:9      | Lost mutation: Your spells are a little harder to cast, but
                  | a little more powerful. [potion of mutation]
  8704 | D:9      | Lost mutation: You have sharp toenails. [potion of
                  | mutation]
  8704 | D:9      | Lost mutation: You have a pair of small antennae on your
                  | head. [potion of mutation]
  8704 | D:9      | Gained mutation: You are clumsy. (Dex -2) [potion of
                  | mutation]
  8704 | D:9      | Gained mutation: Your body sometimes deteriorates upon
                  | taking damage. [potion of mutation]
  8704 | D:9      | Gained mutation: Your tail ends in a venomous barb. [potion
                  | of mutation]
  8704 | D:9      | Gained mutation: Your body often deteriorates upon taking
                  | damage. [potion of mutation]
  8704 | D:9      | Gained mutation: You have hidden genetic potential. [potion
                  | of mutation]
  8710 | D:9      | Reached ** piety under Ashenzari
  9255 | D:9      | Killed Erolcha
  9324 | D:10     | Entered Level 10 of the Dungeon
  9710 | D:10     | Reached skill level 10 in Axes
  9710 | D:10     | Reached XP level 11. HP: 95/95 MP: 11/11
 10162 | D:10     | Reached skill level 12 in Armour
 10469 | D:11     | Noticed Erica
 10486 | D:11     | Killed Erica
 10506 | D:11     | Gained mutation: You have sharp toenails. [hidden
                  | potential]
 10590 | D:11     | Noticed a two-headed ogre
 10611 | D:11     | HP: 2/96 [two-headed ogre/+0 dire flail (5)]
 10613 | D:11     | Killed a two-headed ogre
 10633 | D:11     | Noticed a two-headed ogre
 11030 | D:11     | Noticed a boulder beetle
 11046 | D:11     | Killed a boulder beetle
 11176 | D:11     | Noticed Josephine
 11188 | D:11     | Killed Josephine
 11196 | D:11     | Reached skill level 13 in Armour
 11237 | D:11     | Reached *** piety under Ashenzari
 11284 | D:11     | Identified the +6 battleaxe of the Hierophant {spect, rElec
                  | rF+ Int+4 Stlth+}
 11296 | D:11     | Noticed Snorg
 11305 | D:11     | HP: 4/100 [Snorg (3)]
 11305 | D:11     | Slain by Snorg

Illustrated notes

Levels and vault maps discovered:
D:1:      dpeg_arrival_more_subterranean_lakeside_camping, layout_basic
D:2:      layout_basic, serial_corexii_hall, chequers_hall_statues_y,
          chequers_hall_statues_y, serial_park_tiny_pond, minivault_5,
          uniq_sigmund
D:3:      layout_loops_corners, hellmonk_ecumenical_altar_blasted,
          serial_forest, infiniplex_forest_lined_room_2,
          infiniplex_forest_zigzag_1, infiniplex_forest_clump_curved,
          infiniplex_forest_zigzag_1, infiniplex_forest_clump_cross,
          infiniplex_forest_end_3, infiniplex_forest_end_3,
          infiniplex_forest_split, serial_shops, shop, minmay_tree_intersection
D:4:      layout_layer_cave
D:5:      layout_basic
D:6:      hangedman_cross_stitches, layout_loops_ring,
          minmay_temple_entry_wispy, minmay_circle_x
D:7:      layout_rooms, minitemple, serial_curves, eino_curves_03,
          eino_curves_02, eino_curves_01, lightli_church_of_beogh
D:8:      layout_basic, serial_shops, shop, minmay_diamond_spiral
D:9:      layout_roguey, lemuel_crystal_altar, lair_entry_dummy,
          kennysheep_generic_room_15, uniq_erolcha
D:10:     layout_long_grid
D:11:     minmay_statue_hallways, layout_loops_cross, uniq_josephine,
          uniq_erica, uniq_snorg
Temple:   nicolae_temple_bog_church

Skill      XL: |  1  2  3  4  5  6  7  8  9 10 11 |
---------------+----------------------------------+-----
Armour         | 4 5 6 8 10 11 13 | 13.0
Axes           | 2 3 4 5 7 8 10 11 | 11.0
Fighting       | 3 4 5 6 |  6.6
Shields        | 4 5 6 7 |  7.2
Stealth        | 1 2 |  2.2
Dodging        | 1 |  1.8

Action                     |  1- 3 |  4- 6 |  7- 9 | 10-12 || total
---------------------------+-------+-------+-------+-------++-------
  Melee: War axe           |    99 |   138 |   296 |   342 ||   875
         Tailslap          |     4 |    21 |    31 |    39 ||    95
         Kick              |       |       |     6 |    53 ||    59
 Invoke: Curse Item        |       |       |     2 |     3 ||     5
    Use: Scroll            |     3 |     4 |    12 |     2 ||    21
         Potion            |       |     1 |     5 |     6 ||    12
   Stab: Distracted        |       |       |     1 |       ||     1
 Armour: Scale mail        |    27 |       |       |       ||    27
         Plate armour      |    63 |    66 |   219 |   274 ||   622
  Dodge: Dodged            |    28 |    22 |    70 |    91 ||   211
  Block: Buckler           |    18 |    29 |    63 |    93 ||   203
